 Dungeon Crawl Stone Soup version 0.21.0-3-g78d12a8bdd (webtiles) character file.

16214 vovahuhaifa the Impaler (level 12, -9/94 HPs)
             Began as a Merfolk Skald on Jan 15, 2018.
             Was an Elder of Hepliaklqana.
             Mangled by a 13-headed hydra (10 damage)
             ... on level 1 of the Lair of Beasts.
             The game lasted 01:34:55 (18564 turns).

vovahuhaifa the Impaler (Merfolk Skald)            Turns: 18564, Time: 01:34:57

Health: -9/94      AC: 12    Str: 12    XL:     12   Next: 35%
Magic:  16/16      EV: 20    Int: 16    God:    Hepliaklqana [****..]
Gold:   1140       SH:  0    Dex: 14    Spells: 12/15 levels left

rFire    . . .     SeeInvis .   Q - +3 halberd (freeze)
rCold    . . .     Gourm    +   (shield currently unavailable)
rNeg     . . .     Faith    .   n - +3 leather armour {rPois}
rPois    +         Spirit   .   z - +0 helmet
rElec    .         Reflect  .   m - +1 cloak
rCorr    .         Harm     .   (no gloves)
MR       +....                  I - +0 pair of boots
Stlth    +.........             w - amulet of the gourmand
HPRegen  0.25/turn              j - +1 ring of evasion
MPRegen  0.15/turn              o - ring of flight

@: about to teleport
A: change form in water, swift swim, stealthy swim, reduced essence, yellow
scales 1, high mp 1, magic resistance 1, poison resistance
a: Ancestor Life: Knight, Ancestor Life: Battlemage, Ancestor Life: Hexer,
Recall Ancestor, Ancestor Identity, Transference, Idealise, Renounce Religion,
Evoke Flight


You were on level 1 of the Lair of Beasts.
You worshipped Hepliaklqana.
Hepliaklqana was greatly pleased with you.
You were very full.

You visited 3 branches of the dungeon, and saw 13 of its levels.
You also visited: Bailey.

You collected 1140 gold pieces.

Inventory:

Hand Weapons
 e - a +0 dagger
 k - a cursed +1 spear of venom
 J - a +0 quarterstaff of protection
 P - a +1 spear
 Q - a +3 halberd of freezing (weapon)
Missiles
 R - 31 tomahawks of returning (quivered)
Armour
 a - a +0 helmet
 m - a +1 cloak (worn)
 n - a +3 leather armour of poison resistance (worn)
 t - a +0 troll leather armour
 x - a +2 robe of magic resistance
 z - a +0 helmet (worn)
 I - a +0 pair of boots (worn)
 L - a +0 ring mail of poison resistance
Jewellery
 h - an uncursed ring of ice
 j - a +1 ring of evasion (left hand)
 o - a ring of flight (right hand)
 s - an uncursed ring of resist corrosion
 w - an amulet of the gourmand (around neck)
 B - an uncursed ring of see invisible {unknown}
 F - an uncursed ring of magical power {unknown}
 M - a cursed ring of teleportation {unknown}
 O - a +4 ring of strength {unknown}
 V - an uncursed ring of poison resistance {unknown}
Wands
 l - a wand of digging (22)
 u - a wand of polymorph (12)
 C - a wand of enslavement (12)
 G - a wand of disintegration (23)
 H - a wand of flame (53)
Scrolls
 p - 4 scrolls of amnesia
 q - a scroll of blinking
 r - 3 scrolls of teleportation
 D - 4 scrolls of remove curse
 E - 2 scrolls of fog
 N - 2 scrolls of magic mapping
 S - a scroll of enchant weapon {unknown}
 U - a scroll of fear
 W - 2 scrolls of identify
Potions
 b - a potion of might
 f - a potion of agility
 g - a potion of berserk rage {unknown}
 i - 2 potions of brilliance
 v - a potion of haste
 A - a potion of flight
 K - 3 potions of heal wounds
Books
 c - a book of Battle

   Spells                             Type                      Level
   a - Infusion                       Charms                       1
   b - Shroud of Golubria             Charms/Translocation         2
   c - Song of Slaying                Charms                       2
   d - Spectral Weapon                Hexes/Charms                 3
   e - Regeneration                   Charms/Necromancy            3
 y - a book of Minor Magic

   Spells                             Type                      Level
   a - Magic Dart                     Conjuration                  1
   b - Blink                          Translocation                2
   c - Call Imp                       Summoning                    2
   d - Slow                           Hexes                        2
   e - Conjure Flame                  Conjuration/Fire             3
   f - Mephitic Cloud                 Conjuration/Poison/Air       3
Miscellaneous
 T - a phial of floods (inert)
Comestibles
 d - 22 rations
 X - 7 chunks of flesh


   Skills:
 + Level 13.0 Fighting
 - Level 16.2 Polearms
 + Level 0.5 Throwing
 - Level 1.7 Armour
 + Level 12.5 Dodging
 - Level 0.2 Stealth
 + Level 2.0 Spellcasting
 + Level 3.5 Charms
 + Level 0.5 Translocations
 + Level 0.8 Evocations


You had 12 spell levels left.
You knew the following spells:

 Your Spells              Type           Power        Failure   Level  Hunger
a - Infusion              Chrm           ##..         6%          1    #......
b - Shroud of Golubria    Chrm/Tloc      #.........   17%         2    ###....


Dungeon Overview and Level Annotations

Branches:
Dungeon (11/15)            Temple (1/1) D:4            Lair (1/6) D:11
    Orc (0/2) D:10

Altars:
Ashenzari
Cheibriados
Dithmenos
Elyvilon
Fedhas
Gozag
Hepliaklqana
Kikubaaqudgha
Makhleb
Nemelex Xobeh
Okawaru
Qazlal
Ru
Sif Muna
Trog
Uskayaw
Vehumet
Wu Jian
Xom
Yredelemnul
Zin
The Shining One

Shops:
D:7 }(:?(


Innate Abilities, Weirdness & Mutations

You revert to your normal form in water.
You are very nimble and swift while swimming.
You are very stealthy in the water. (Stealth+)
Your life essence is reduced to manifest your ancestor. (-10% HP)
You are partially covered in yellow scales. (AC +2)
You have an increased reservoir of magic. (+10% MP)
You are resistant to hostile enchantments. (MR+)
Your system is resistant to poisons. (rPois)


Message History

The 13-headed hydra barely misses you.
The 13-headed hydra bites you but does no damage. x3
The 13-headed hydra bites you. x2
* * * LOW HITPOINT WARNING * * *
The 13-headed hydra bites you!
* * * LOW HITPOINT WARNING * * *
As you read the scroll of teleportation, it crumbles to dust.
You feel strangely unstable.
The 13-headed hydra bites you but does no damage.
The 13-headed hydra misses you. The 13-headed hydra barely misses you.
The 13-headed hydra bites you!
* * * LOW HITPOINT WARNING * * *
The 13-headed hydra completely misses you. x2
The 13-headed hydra bites you but does no damage.
The 13-headed hydra completely misses you.
The 13-headed hydra bites you.
* * * LOW HITPOINT WARNING * * *
The 13-headed hydra bites you but does no damage.
The 13-headed hydra bites you!
You die...

. .. ##### ####
..###########...###...#...
....#...........@DY.......
.........#.##...##Y.......
.........########......>..
...#(...## ##...#....
##.P.....# ##### ..Y
........## .) .....#### .
......#.# ..##...#


You could see a 13-headed hydra and 2 yaks.

Vanquished Creatures
  2 two-headed ogres
  The ghost of FortKnight the Grappler, a novice TrBe of Trog (D:10)
  An unseen horror (D:10)
  The ghost of beanieboyaka the Slasher, a novice HOMo of Beogh (D:6)
  Pikel (D:4)
  2 centaur zombies (D:8)
  Psyche (D:8)
  Joseph (D:7)
  A spiny frog (Lair:1)
  2 centaur skeletons
  A komodo dragon (Lair:1)
  3 trolls
  A hippogriff (D:11)
  2 wyverns (D:11)
  A vampire (D:10)
  14 yaks
  2 hungry ghosts
  Edmund (D:4)
  A water moccasin (Lair:1)
  9 orc warriors
  3 porcupines (D:11)
  Duvessa (D:5)
  3 phantoms
  An ice beast (D:6)
  A black bear (D:8)
  2 sky beasts
  The ghost of Nivus the Skirmisher, an amateur HuFi (D:3)
  10 wolves (Lair:1)
  3 ogres
  2 centaurs
  A big kobold (D:8)
  5 bullfrogs
  2 scorpions (D:8)
  16 wights
  A howler monkey (D:8)
  A bullfrog zombie (D:9)
  8 crimson imps
  A quasit (D:7)
  3 hounds
  2 orc priests (D:3)
  A bullfrog skeleton (D:8)
  3 iguanas
  10 orc wizards
  6 worker ants
  A killer bee zombie (D:5)
  A hound zombie (D:10)
  6 gnolls
  10 adders
  A shadow imp (D:10)
  5 oozes
  3 adder skeletons
  2 worms (D:2)
  6 leopard geckos
  41 orcs
  A ball python (D:4)
  5 giant cockroaches
  9 goblins
  13 hobgoblins
  6 jackals
  8 quokkas
  9 bats
  4 frilled lizards
  A jackal zombie (D:6)
  17 kobolds
  A leopard gecko skeleton (D:5)
  A quokka skeleton (D:7)
  8 rats
294 creatures vanquished.

Vanquished Creatures (collateral kills)
  A spriggan (D:8)
  A sky beast (D:5)
  A phantom (D:8)
  An ogre (D:10)
  A necrophage (D:6)
  A bullfrog (D:6)
  A scorpion (D:8)
  Dowan (D:5)
  2 wights
  2 howler monkeys (D:8)
  A crimson imp (D:6)
  A quasit (D:7)
  A centaur zombie (D:6)
  2 bullfrog zombies (D:6)
  An orc priest (D:4)
  A jelly (D:5)
  2 iguanas
  A worker ant (D:6)
  A hound skeleton (D:6)
  2 howler monkey zombies
  2 gnolls (D:7)
  An adder (D:5)
  An ooze (D:6)
  An adder zombie (D:5)
  12 orcs
  A giant cockroach (D:4)
  2 jackals (D:10)
  2 kobolds
  A quokka zombie (D:5)
48 creatures vanquished.

Vanquished Creatures (others)
  2 slaves (D:4)
  2 crimson imps (D:4)
  An orc wizard (D:4)
  16 ancestors
  2 adders (D:4)
  A worm (D:4)
  2 orcs (D:4)
  3 fungi
  A plant (Lair:1)
30 creatures vanquished.

Grand Total: 372 creatures vanquished

Notes
Turn   | Place    | Note
-------+----------+-------------------------------------------
     0 | D:1      | vovahuhaifa the Merfolk Skald began the quest for the Orb.
     0 | D:1      | Reached XP level 1. HP: 16/16 MP: 3/3
   440 | D:1      | Reached XP level 2. HP: 22/22 MP: 5/5
   508 | D:1      | Reached skill level 1 in Armour
   939 | D:1      | Reached XP level 3. HP: 27/27 MP: 6/6
  1134 | D:1      | Reached skill level 4 in Polearms
  2354 | D:2      | Reached XP level 4. HP: 32/33 MP: 7/7
  2620 | D:2      | Reached skill level 5 in Polearms
  2847 | D:2      | Reached skill level 6 in Polearms
  2847 | D:2      | Reached XP level 5. HP: 35/38 MP: 8/8
  3164 | D:3      | Reached skill level 7 in Polearms
  3221 | D:3      | Noticed Nivus's ghost (amateur HuFi)
  3242 | D:3      | Killed Nivus's ghost
  3242 | D:3      | Reached skill level 8 in Polearms
  3242 | D:3      | Reached XP level 6. HP: 18/44 MP: 7/9
  4305 | D:4      | Reached skill level 9 in Polearms
  4497 | D:4      | Reached XP level 7. HP: 50/50 MP: 10/10
  4513 | D:4      | Found a shimmering altar of Xom.
  4534 | D:4      | Noticed Pikel
  4568 | D:4      | Killed Pikel
  4568 | D:4      | Reached skill level 11 in Polearms
  4568 | D:4      | Reached XP level 8. HP: 35/56 MP: 11/11
  4727 | D:4      | Found a staircase to the Ecumenical Temple.
  4742 | Temple   | Entered the Ecumenical Temple
  4832 | Temple   | Became a worshipper of Hepliaklqana the Forgotten
  4873 | D:4      | Reached skill level 12 in Polearms
  5262 | D:4      | Gained mutation: You are dopey. (Int -2) [potion of mutation]
  5262 | D:4      | Gained mutation: You are partially covered in molten scales. (AC +2) [potion of mutation]
  5715 | D:4      | Noticed Edmund
  5755 | D:4      | Killed Edmund
  5755 | D:4      | Reached skill level 5 in Dodging
  5996 | D:5      | Entered Level 5 of the Dungeon
  6254 | D:5      | Reached skill level 13 in Polearms
  6472 | D:5      | Reached * piety under Hepliaklqana
  6581 | D:5      | Reached XP level 9. HP: 41/54 MP: 12/12
  6597 | D:5      | Noticed Duvessa
  6605 | D:5      | Noticed Dowan
  6624 | D:5      | HP: 2/54 [centaur/arrow (13)]
  6946 | D:6      | Reached skill level 14 in Polearms
  7275 | D:6      | Found a snail-covered altar of Cheibriados.
  7364 | D:6      | Noticed beanieboyaka's ghost (novice HOMo)
  7392 | D:6      | Killed beanieboyaka's ghost
  7392 | D:6      | Reached skill level 15 in Polearms
  8058 | D:6      | Found a sacrificial altar of Ru.
  8656 | D:5      | Reached skill level 16 in Polearms
  8695 | D:5      | Killed Dowan
  8714 | D:5      | Killed Duvessa
  8897 | D:5      | Found a blossoming altar of Fedhas.
  9151 | D:7      | Found Pihochu's Gadget Shop.
  9259 | D:7      | Found a stormy altar of Qazlal.
  9293 | D:7      | Noticed Joseph
  9313 | D:7      | Killed Joseph
  9313 | D:7      | Reached XP level 10. HP: 25/64 MP: 13/13
  9514 | D:7      | Found Fuewk's Antique Weapon Emporium.
  9568 | D:7      | Found Vaevuk's Weapon Emporium.
  9597 | D:7      | Reached ** piety under Hepliaklqana
  9600 | D:7      | Got a translucent buckler
  9689 | D:7      | Found Wabitt's Book Shoppe.
  9703 | D:7      | Found Ahiden's Magic Scroll Boutique.
 10044 | D:7      | Found a shimmering altar of Xom.
 10345 | D:8      | Reached skill level 5 in Fighting
 10484 | D:8      | Noticed a two-headed ogre
 10506 | D:8      | Killed a two-headed ogre
 10754 | D:8      | Noticed Psyche
 10769 | D:8      | Killed Psyche
 12065 | D:8      | Reached skill level 10 in Dodging
 12278 | D:8      | Reached *** piety under Hepliaklqana
 12757 | D:8      | Lost mutation: You are dopey. (Int -2) [potion of mutation]
 12757 | D:8      | Lost mutation: You are partially covered in molten scales. (AC +2) [potion of mutation]
 12757 | D:8      | Gained mutation: You have an increased reservoir of magic. (+10% MP) [potion of mutation]
 12757 | D:8      | Gained mutation: You are partially covered in yellow scales. (AC +2) [potion of mutation]
 12757 | D:8      | Gained mutation: Your system is resistant to poisons. (rPois) [potion of mutation]
 12757 | D:8      | Gained mutation: You are resistant to hostile enchantments. (MR+) [potion of mutation]
 12763 | D:9      | Reached XP level 11. HP: 78/78 MP: 13/15
 12825 | D:9      | Found a deep blue altar of Sif Muna.
 13251 | D:10     | Entered Level 10 of the Dungeon
 13266 | D:10     | Learned a level 1 spell: Infusion
 13269 | D:10     | Learned a level 2 spell: Shroud of Golubria
 13380 | D:10     | Found a shattered altar of Ashenzari.
 13833 | D:10     | Reached skill level 10 in Fighting
 14105 | D:10     | Killed an unseen horror
 14489 | D:10     | Noticed FortKnight's ghost (novice TrBe)
 15585 | D:10     | Killed FortKnight's ghost
 15841 | D:10     | Found a staircase to the Orcish Mines.
 16201 | D:10     | Reached **** piety under Hepliaklqana
 17066 | D:11     | Found a flagged portal.
 17073 | Bailey   | Entered a bailey
 17280 | Bailey   | Reached XP level 12. HP: 68/91 MP: 11/16
 17288 | Bailey   | Found a bloodstained altar of Trog.
 17618 | D:11     | Found a staircase to the Lair.
 17637 | D:11     | Noticed a two-headed ogre
 17646 | D:11     | Killed a two-headed ogre
 18094 | Lair:1   | Entered Level 1 of the Lair of Beasts
 18543 | Lair:1   | Noticed a seven-headed hydra
 18564 | Lair:1   | HP: 1/94 [13-headed hydra (5)]
 18564 | Lair:1   | Mangled by a 13-headed hydra

Skill      XL: |  1  2  3  4  5  6  7  8  9 10 11 12 |
---------------+-------------------------------------+-----
Dodging        | 3 4 5 7 10 12 | 12.5
Armour         | 1 |  1.7
Polearms       | 4 6 8 9 11 13 16 | 16.2
Fighting       | 4 8 11 13 | 13.0
Throwing       | |  0.5
Stealth        | |  0.2
Spellcasting   | |  2.0
Charms         | |  3.5
Translocations | |  0.5
Evocations     | |  0.8

Action                   |  1- 3 |  4- 6 |  7- 9 | 10-12 || total
-------------------------+-------+-------+-------+-------++-------
Melee: Spear             |   150 |    46 |       |   187 ||   383
       Halberd           |       |   178 |   329 |   513 ||  1020
Throw: Throwing net      |     1 |       |       |       ||     1
       Tomahawk          |       |       |       |     3 ||     3
 Cast: Infusion          |       |     1 |       |     3 ||     4
       Shroud of Golubri |       |       |       |     2 ||     2
Invok: Ancestor Identity |       |       |     1 |       ||     1
       Recall Ancestor   |       |       |       |     2 ||     2
Evoke: Phial of floods   |       |       |       |     1 ||     1
  Use: Scroll            |     4 |     2 |     6 |     8 ||    20
       Potion            |     1 |     1 |    13 |     7 ||    22
 Stab: Held in net/web   |     1 |       |       |       ||     1
       Distracted        |       |       |     2 |     5 ||     7
       Sleeping          |       |       |     1 |       ||     1
  Eat: Chunk             |     5 |     7 |    26 |    38 ||    76
Armor: Leather armour    |    27 |    33 |    85 |   130 ||   275
Dodge: Dodged            |    48 |   101 |   195 |   412 ||   756
